 Dungeon Crawl Stone Soup version 0.28.0-49-g6dfe1f597d (webtiles) character file.

Game seed: 4681528981830698801

274 Cral the Magician (level 6, -8/32 HPs)
             Began as a Deep Elf Fire Elementalist on May 18, 2022.
             Killed by divine providence
             ... invoked by an orc priest
              (16 damage)
             ... on level 2 of the Dungeon.
             The game lasted 00:01:58 (2230 turns).

Cral the Magician (Deep Elf Fire Elementalist)      Turns: 2230, Time: 00:02:00

Health: -8/32      AC:  2    Str:  5    XL:     6   Next: 3%
Magic:  8/16       EV: 12    Int: 22    God:
Gold:   52         SH:  0    Dex: 15    Spells: 5/15 levels left

rFire   . . .      SeeInvis .   (no weapon)
rCold   . . .      Faith    .   (no shield)
rNeg    . . .      Spirit   .   a - +0 robe
rPois   .          Reflect  .   (no helmet)
rElec   .          Harm     .   (no cloak)
rCorr   .          Rampage  .   (no gloves)
Will    .....                   (no boots)
Stlth   ++........              (no amulet)
HPRegen 0.10/turn               (no ring)
MPRegen 0.15/turn               (no ring)

@: no status effects
A: no striking features
a: no special abilities


You were on level 2 of the Dungeon.
You visited 1 branch of the dungeon, and saw 2 of its levels.

You collected 52 gold pieces.

Inventory:

Armour
 a - a +0 robe (worn)
Potions
 b - 2 potions of heal wounds {unknown}
 c - a potion of mutation {unknown}
 d - a potion of cancellation {unknown}
 e - a potion of curing {unknown}


   Skills:
 - Level 2.4 Dodging
 - Level 2.4 Stealth
 + Level 5.4 Spellcasting
 + Level 3.8 Conjurations
 + Level 5.0 Fire Magic


You had 5 spell levels left.
You knew the following spells:

 Your Spells              Type           Power      Damage    Failure   Level
a - Foxfire               Conj/Fire      100%       2x1d9     1%          1
b - Scorch                Fire           56%        2d7       1%          2
c - Conjure Flame         Conj/Fire      25%        6-21      4%          3
d - Flame Wave            Conj/Fire      25%        2d7       16%         4

Your spell library contained the following spells:

 Spells                   Type           Power      Damage    Failure   Level
 Inner Flame              Hex/Fire       17%        N/A       11%         3


Dungeon Overview and Level Annotations

Branches:
Dungeon (2/15)

Altars:


Message History

Confirm with . or Enter, or press ? or * to list all spells.
You conjure some foxfire!
The foxfire hits the orc priest.
The orc priest is severely wounded.
An orc priest comes into view. It is wielding a +0 dagger.
The orc priest calls down the wrath of Beogh upon you.
You struggle to resist.
Casting: Foxfire (safe; 1% risk of failure)
Confirm with . or Enter, or press ? or * to list all spells.
You conjure some foxfire!
The foxfire hits the orc priest.
The orc priest is almost dead.
The foxfire hits the orc priest.
You kill the orc priest!
The foxfire hits the orc.
The orc is severely wounded.
You have reached level 6!
The foxfire hits the orc.
The orc is almost dead.
Casting: Foxfire (safe; 1% risk of failure)
Confirm with . or Enter, or press ? or * to list all spells.
You conjure some foxfire!
The orc priest looks braver for a moment.
A kobold comes into view. It is wielding a +0 dagger.
The foxfire hits the orc!
You kill the orc!
Unknown command.
Your foxfire dissipates!
The orc priest mumbles some strange prayers to Beogh against you.
Beogh smites you!
* * * LOW HITPOINT WARNING * * *
Casting: Foxfire (safe; 1% risk of failure)
Confirm with . or Enter, or press ? or * to list all spells.
You conjure some foxfire!
Unknown command.
Your foxfire dissipates!
The foxfire hits the kobold.
You kill the kobold!
The orc priest calls down the wrath of Beogh upon you.
Beogh smites you!
Ouch! That really hurt!
You die...

##.###......# #. ######.
..## ##.#.### #.#......
##.###.##.###.#)o....#
....#.###....#.....).#..
####.## #..##.##........
#.####..##.##)).(....
#.......##.##.##.....
#######.##.##.# #..
#....<####.##.##@#
.................#
#.#.........#.####
.#.###.#.#.# .. #.#....
#....... .# #.###.###
#.# #. #.# #.# #. #.#


You could see an orc priest.

Vanquished Creatures
  Sigmund (D:2)
  An orc priest (D:2)
  Jessica (D:2)
  2 adders (D:2)
  2 dart slugs
  2 orcs (D:2)
  3 bats (D:1)
  5 endoplasms
  A giant cockroach (D:2)
  2 goblins
  4 hobgoblins
  2 kobolds
  A quokka (D:1)
  2 ball pythons (D:2)
  4 frilled lizards
  3 rats
36 creatures vanquished.

Vanquished Creatures (others)
  126 foxfires
126 creatures vanquished.

Grand Total: 162 creatures vanquished

Notes
Turn   | Place    | Note
-------+----------+-------------------------------------------
     0 | D:1      | Cral the Deep Elf Fire Elementalist began the quest for the
                  | Orb.
     0 | D:1      | Reached XP level 1. HP: 10/10 MP: 6/6
   225 | D:1      | Reached XP level 2. HP: 15/15 MP: 4/8
  1445 | D:2      | Noticed Sigmund
  1452 | D:1      | Learned a level 2 spell: Scorch
  1460 | D:2      | Killed Sigmund
  1461 | D:2      | Reached skill level 5 in Spellcasting
  1461 | D:2      | Reached XP level 3. HP: 5/19 MP: 1/11
  1461 | D:2      | Reached XP level 4. HP: 6/24 MP: 1/13
  1461 | D:2      | Reached XP level 5. HP: 7/28 MP: 1/14
  1694 | D:1      | Learned a level 3 spell: Conjure Flame
  1699 | D:1      | Learned a level 4 spell: Flame Wave
  1729 | D:2      | Noticed Jessica
  1733 | D:2      | Killed Jessica
  2148 | D:2      | Reached skill level 5 in Fire Magic
  2226 | D:2      | Reached XP level 6. HP: 17/32 MP: 9/16
  2230 | D:2      | Killed from afar by an orc priest

Illustrated notes

Levels and vault maps discovered:
D:1:      lightli_arrival_statuegarden, layout_basic
D:2:      layout_loops_ring, uniq_sigmund, uniq_jessica

Skill      XL: |  1  2  3  4  5 |
---------------+----------------+-----
Spellcasting   | 5 |  5.4
Conjurations   | 3 |  3.8
Fire Magic     | 4 5 |  5.0
Dodging        | |  2.4
Stealth        | |  2.4

Action                   |  1- 3 |  4- 6 || total
-------------------------+-------+-------++-------
Melee: Unarmed           |     1 |       ||     1
 Cast: Foxfire           |    65 |    21 ||    86
       Scorch            |     2 |    11 ||    13
Armor: Robe              |     1 |     2 ||     3
Dodge: Dodged            |     5 |     3 ||     8
